Cogmind - Beta 17 @@@ ROGUE MODE // 2026.07.25 @ 00:00:03 Player: Crehl Result: Destroyed by H-61 Shepherd with Heavy Assault Cannon Performance ------------- Evolutions (2) 1000 Regions Visited (7) 1400 Robots Destroyed (29) 145 Value Destroyed (669) 669 Prototype IDs (0) 0 Alien Tech Used (0) 0 Bonus (143) 143 TOTAL SCORE: 3357 Bonus ------- Follower Combat Kills 143 Cogmind --------- Core Integrity 0/550 Matter 269/300 Energy 100/100 System Corruption 0% Temperature Cool (0) Movement Core (100) Ox1 Location -8/Materials Parts ------- > --- POWER (1) -------- (None) > --- PROPULSION (3) --- (None) > --- UTILITY (5) ------ Small Storage Unit Targeting Computer Hacking Suite > --- WEAPON (2) ------- (None) > --- INVENTORY (8) ---- Improved Heat Sink Compact Matter Pod (150) Improved EM Pulse Cannon Heavy Particle Cannon Heavy Particle Cannon Grenade Launcher Great Axe Peak State ------------ > --- POWER ------------ Light Nuclear Core > --- PROPULSION ------- Aluminum Leg Improved Carbon-fiber Leg > --- UTILITY ---------- Small Storage Unit Seismic Detector Hardened Light Armor Plating Hacking Suite > --- WEAPON ----------- Heavy Laser Improved EM Pulse Cannon > --- INVENTORY -------- Light Ion Engine Aluminum Leg Improved Heat Sink Compact Matter Pod Light Assault Rifle Grenade Launcher Chainsword [Rating: 24] Favorites ----------- Power Improved Ion Engine Engine Improved Ion Engine Power Core Light Nuclear Core Propulsion Aluminum Leg Treads Light Treads Leg Aluminum Leg Utility Small Storage Unit Device Seismic Detector Storage Small Storage Unit Processor Targeting Computer Hackware Hacking Suite Protection Hardened Light Armor Plating Weapon Light Assault Rifle Energy Gun Small Laser Energy Cannon Improved EM Pulse Cannon Ballistic Gun Light Assault Rifle Special Weapon Mining Laser Slashing Weapon Great Axe Build | -11 -10 -10 -9 -9 -9 -8 -8 ------- Run | Yrd Mat Min Mat Min Exi Min Mat Slots Evolved 4 | . . . 2 . . . 2 Power . | . . . . . . . . Propulsion 1 | . . . . . . . 1 Utility 3 | . . . 2 . . . 1 Weapon . | . . . . . . . . Parts Attached 29 | 7 . 6 4 4 . 4 4 Power 6 | 1 . 2 1 . . 1 1 Engine 5 | 1 . 2 1 . . . 1 Core 1 | . . . . . . 1 . Reactor . | . . . . . . . . Propulsion 6 | 2 . 2 . 1 . . 1 Treads 2 | 2 . . . . . . . Leg 4 | . . 2 . 1 . . 1 Wheel . | . . . . . . . . Hover . | . . . . . . . . Flight . | . . . . . . . . Utility 6 | 2 . . 2 . . 1 1 Device 2 | 1 . . 1 . . . . Storage 1 | 1 . . . . . . . Processor 1 | . . . . . . . 1 Hackware 1 | . . . 1 . . . . Protection 1 | . . . . . . 1 . Artifact . | . . . . . . . . Weapon 11 | 2 . 2 1 3 . 2 1 Energy Gun 2 | . . 1 . . . 1 . Energy Cannon 2 | . . . . 2 . . . Ballistic Gun 5 | 2 . 1 . 1 . 1 . Ballistic Cannon . | . . . . . . . . Launcher . | . . . . . . . . Special Weapon 1 | . . . 1 . . . . Impact Weapon . | . . . . . . . . Slashing Weapon 1 | . . . . . . . 1 Piercing Weapon . | . . . . . . . . Special Melee Weapon . | . . . . . . . . Unidentified Prototypes . | . . . . . . . . Parts Lost 12 | . . 3 . . . 1 8 Power 3 | . . 1 . . . . 2 Propulsion 2 | . . . . . . . 2 Utility 3 | . . . . . . 1 2 Weapon 4 | . . 2 . . . . 2 Highest Loss Streak 7 | . . 3 . . . 1 7 To Critical Strikes . | . . . . . . . . Average Backups 7 | 4 7 7 7 8 8 7 7 Power 1 | 1 1 1 1 1 1 1 . Propulsion 1 | 1 2 1 . 1 1 1 . Utility 3 | . 2 4 2 3 3 2 2 Weapon 2 | . 1 1 3 3 3 3 4 Tool/Special . | . . . . . . . . Unused Backups 13 | . 3 2 1 . . 1 6 Power 1 | . 1 . . . . . . Propulsion . | . . . . . . . . Utility 6 | . 2 2 . . . . 2 Weapon 6 | . . . 1 . . 1 4 Tool/Special . | . . . . . . . . Average Slot Usage (%) 99 | . 100 99 98 100 100 100 91 Engine 9 | . 14 13 11 11 11 3 3 Core 1 | . . . . . . 7 3 Treads 8 | . 28 22 . . . . . Leg 15 | . . 5 22 22 22 22 24 Device 17 | . 14 14 21 22 22 16 8 Storage 11 | . 14 14 11 11 11 11 9 Hackware 7 | . . . 10 11 11 11 9 Protection 1 | . . . . . . 5 8 Energy Gun 1 | . . 3 11 2 . . . Energy Cannon 4 | . . . . 10 11 5 . Ballistic Gun 16 | . 28 23 9 8 11 15 14 Peak Build Rating 24 | 7 8 8 13 22 19 24 24 Average Rating 14 | 5 7 7 11 18 19 20 20 On Entrance 11 | . 7 8 8 13 19 19 21 Avg Prop Armor Cover (%) . | . . . . . . . . Naked Turns . | . . . . . . . . Heaviest Build 28 | 15 15 15 16 28 22 24 21 Greatest Support 40 | 40 40 40 20 28 28 28 38 Greatest Overweight (x) 4 | 4 . . . . . . . Average Overweight (x) . | . . . . . . . . Largest Inventory Capacity 8 | 8 8 8 8 8 8 8 8 Average Capacity 7 | 7 8 8 8 8 8 8 8 Most Carried 8 | 6 8 8 8 8 8 8 8 Average Carried 7 | 4 7 7 7 8 8 7 7 Final Capacity 8 | 8 8 8 8 8 8 8 8 Final Carried 8 | 6 8 8 8 8 8 8 7 Class Distribution -------------------- 64% | Scavenger-Mutant 35% | Mutant Dominant Class ---------------- Mutant | -10/Materials Mutant | -10/Mines Scavenger-Mutant | -9/Materials Scavenger-Mutant | -9/Mines Scavenger-Mutant | -9/Exiles Scavenger-Mutant | -8/Mines Scavenger-Mutant | -8/Materials Resources | -11 -10 -10 -9 -9 -9 -8 -8 ----------- Run | Yrd Mat Min Mat Min Exi Min Mat Matter Collected 1155 | 330 381 193 52 72 . 59 68 Remotely . | . . . . . . . . Salvage Created 1023 | 158 430 182 52 95 . 50 56 Parts 62 | 9 32 9 3 4 . 2 3 Haulers Intercepted 1 | . 1 . . . . . . Recyclers Shooed 1 | . . . 1 . . . . Parts Field Recycled . | . . . . . . . . Retrieved Matter . | . . . . . . . . Parts Self-Destructed . | . . . . . . . . Prevented . | . . . . . . . . Parts Restored . | . . . . . . . . Kills | -11 -10 -10 -9 -9 -9 -8 -8 ------- Run | Yrd Mat Min Mat Min Exi Min Mat Combat Hostiles Destroyed 24 | . 10 8 1 3 . 1 1 Guns 22 | . 10 8 1 1 . 1 1 Cannons 2 | . . . . 2 . . . Classes Destroyed 12 | 2 7 1 1 . . 1 . Worker 1 | . 1 . . . . . . Builder 1 | . 1 . . . . . . Tunneler 3 | 3 . . . . . . . Hauler 1 | . 1 . . . . . . Recycler 1 | 1 . . . . . . . Operator 1 | . 1 . . . . . . Watcher 1 | . 1 . . . . . . Swarmer 6 | . 3 3 . . . . . Grunt 11 | . 7 2 . 2 . . . Sentry 2 | . . . 1 . . . 1 Hunter 1 | . . . . . . 1 . Assembled 4 | . . 3 . 1 . . . Best Kill Streak 3 | 2 3 3 1 2 . 1 1 Combat Bots Only 3 | . 3 3 1 2 . 1 1 Max Kills in Single Turn 2 | 1 2 1 1 1 . 1 1 Gunslinging . | . . . . . . . . Exploded . | . . . . . . . . Melee . | . . . . . . . . Uniques/NPCs Destroyed . | . . . . . . . . Combat | -11 -10 -10 -9 -9 -9 -8 -8 -------- Run | Yrd Mat Min Mat Min Exi Min Mat Hostile Shots Fired 191 | . 36 37 6 18 . 19 75 Missed 48 | . 10 5 1 5 . 5 22 Hits 143 | . 26 32 5 13 . 14 53 Melee 3 | . . 3 . . . . . Projectile 140 | . 26 29 5 13 . 14 53 Critical Strikes 8 | . . 3 . . . 1 4 Part Disruptions 1 | . . 1 . . . . . Damage Taken 2205 | . 270 433 74 150 . 188 1090 Core 738 | . 63 51 . 21 . 14 589 Absorbed by Shields . | . . . . . . . . Core Remaining (%) 81 | 100 . 54 . . . 91 . Volleys Fired 127 | 10 40 25 12 13 . 9 18 Largest 2 | 2 2 2 2 1 . 2 2 Hottest 100 | 40 40 40 100 69 . 89 48 Shots Fired 223 | 20 80 40 21 13 . 14 35 Gun 214 | 20 80 40 18 7 . 14 35 Cannon 6 | . . . . 6 . . . Launcher . | . . . . . . . . Special 3 | . . . 3 . . . . Kinetic 200 | 20 80 40 9 7 . 9 35 Thermal 17 | . . . 12 . . 5 . Explosive . | . . . . . . . . Electromagnetic 6 | . . . . 6 . . . Robot Hit Streak 14 | 7 7 6 8 4 . 4 14 Robot Miss Streak 6 | 2 6 2 2 2 . 2 1 Penetration Max 1 | . . . . . . . 1 Secondary Targets 1 | . . 1 . . . . . Max Gunslinging Chain 1 | . . 1 . . . . . Shots Hit Robots 150 | 15 50 28 11 9 . 8 29 Core Hits 61 | 5 23 14 5 5 . 5 4 Critical Kills 2 | 1 . 1 . . . . . Critical Parts Destroyed 2 | . 1 . . . . 1 . Critical Strikes 4 | 1 1 1 . . . 1 . Destroy 4 | 1 1 1 . . . 1 . Melee Attacks 5 | . . . . . . . 5 Impact . | . . . . . . . . Slashing 5 | . . . . . . . 5 Piercing . | . . . . . . . . Sneak Attacks . | . . . . . . . . Combat Hostiles . | . . . . . . . . Follow-up Attacks . | . . . . . . . . Damage Inflicted 1844 | 186 646 292 105 159 . 72 384 Guns 1717 | 186 646 291 104 38 . 68 384 Cannons 121 | . . . . 121 . . . Explosions . | . . . . . . . . Melee . | . . . . . . . . Ramming 6 | . . 1 1 . . 4 . Kinetic 1624 | 186 646 291 47 38 . 32 384 Thermal 93 | . . . 57 . . 36 . Explosive . | . . . . . . . . Electromagnetic 121 | . . . . 121 . . . Impact . | . . . . . . . . Slashing . | . . . . . . . . Piercing . | . . . . . . . . Highest Corruption . | . . . . . . . . Average Corruption . | . . . . . . . . Corruption Purged . | . . . . . . . . Corruption Blocked . | . . . . . . . . Overload Shots . | . . . . . . . . Overflow Damage . | . . . . . . . . Projectiles . | . . . . . . . . Explosions . | . . . . . . . . Melee . | . . . . . . . . Knockbacks . | . . . . . . . . Impact . | . . . . . . . . Kinetic . | . . . . . . . . Secondary . | . . . . . . . . Self-Inflicted Damage . | . . . . . . . . Shots . | . . . . . . . . Rammed 1 | . . 1 . . . . . Targets Rammed 3 | . . 1 1 . . 1 . Kicked 2 | . . . 1 . . 1 . Crushed . | . . . . . . . . Highest Temperature 232 | . . 53 23 114 . 232 47 Average Temperature 38 | . . 16 9 46 . 108 16 Received Heat Transfer 739 | . 135 242 18 119 . 27 198 Siege Activations . | . . . . . . . . Martial Activations . | . . . . . . . . Shielding Activations . | . . . . . . . . Robots Disrupted . | . . . . . . . . Combat Hostiles . | . . . . . . . . Robots Corrupted . | . . . . . . . . Combat Hostiles . | . . . . . . . . Parts Fried . | . . . . . . . . Impact Corruptions . | . . . . . . . . Robots Melted . | . . . . . . . . Combat Hostiles . | . . . . . . . . Parts Melted . | . . . . . . . . Heat Transferred 199 | . . . 125 . . 74 . Parts Sabotaged . | . . . . . . . . Parts Stolen . | . . . . . . . . Parts Stripped . | . . . . . . . . Power Chain Reactions . | . . . . . . . . Alert | -11 -10 -10 -9 -9 -9 -8 -8 ------- Run | Yrd Mat Min Mat Min Exi Min Mat Maximum Alert Level . | . . . . . . . . Low Security (%) 100 | 100 100 100 100 100 . 100 100 Level 1 . | . . . . . . . . Level 2 . | . . . . . . . . Level 3 . | . . . . . . . . Level 4 . | . . . . . . . . Level 5 . | . . . . . . . . High Security . | . . . . . . . . Max Security . | . . . . . . . . Peak Influence 116 | 5 116 70 46 67 . 49 30 Initial 17 | . . 15 . 17 . . . Average 11 | 1 51 7 6 7 . 3 2 Influence Increases 860 | 20 291 120 84 194 . 99 52 Destroy 0b10 Robot/C 540 | . 200 100 20 140 . 60 20 Destroy 0b10 Robot/NC 45 | 20 25 . . . . . . Destroy Leader 104 | . 34 20 10 10 . 20 10 Allied During Kill 18 | . . . . 14 . 4 . Successful Hack 23 | . . . 6 . . . 17 Disable Machine 15 | . . . . . . 15 . Destroy Structure 10 | . 2 . 3 . . . 5 Partial Spotted 45 | . . . 45 . . . . Lose Combat Pursuer 60 | . 30 . . 30 . . . Influence Decreases 860 | 20 251 160 38 210 30 99 52 Entered New Map 84 | . . 25 . 29 30 . . Time Decay 684 | 20 251 125 38 121 . 79 50 Lost Part 10 | . . 10 . . . . . Lost Ally 80 | . . . . 60 . 20 . Purge Threat 2 | . . . . . . . 2 Squads Dispatched 6 | . 2 . 1 1 . . 2 Investigation 2 | . 1 . . 1 . . . Extermination . | . . . . . . . . Reinforcement 3 | . 1 . 1 . . . 1 Assault . | . . . . . . . . Garrison 1 | . . . . . . . 1 Intercept . | . . . . . . . . Searches Triggered . | . . . . . . . . Construction Impeded . | . . . . . . . . Haulers Reinforced . | . . . . . . . . Active Scanning Responses . | . . . . . . . . Cargo Convoy Interrupts . | . . . . . . . . Stealth | -11 -10 -10 -9 -9 -9 -8 -8 --------- Run | Yrd Mat Min Mat Min Exi Min Mat Distress Signals 2 | . 1 . 1 . . . . Communications Jammed . | . . . . . . . . Distress Signals . | . . . . . . . . Times Spotted 54 | . 17 11 11 6 . 3 6 Peak Tracking Total 13 | . 3 6 13 3 . 2 5 Tactical Retreats 7 | . 2 3 . 2 . . . Traps | -11 -10 -10 -9 -9 -9 -8 -8 ------- Run | Yrd Mat Min Mat Min Exi Min Mat Traps Triggered 1 | . 1 . . . . . . Indirectly . | . . . . . . . . Trap Hack Attempts . | . . . . . . . . Triggered . | . . . . . . . . Disarmed . | . . . . . . . . Reprogrammed . | . . . . . . . . Reused . | . . . . . . . . Traps Extracted . | . . . . . . . . Installed . | . . . . . . . . Triggered . | . . . . . . . . Machines | -11 -10 -10 -9 -9 -9 -8 -8 ---------- Run | Yrd Mat Min Mat Min Exi Min Mat Machines Disabled 1 | . . . . . . 1 . Max in Single Turn . | . . . . . . . . Machines Repaired . | . . . . . . . . Machines Dismantled . | . . . . . . . . Machines Sabotaged . | . . . . . . . . Overloaded Fab Kills . | . . . . . . . . Hacking | -11 -10 -10 -9 -9 -9 -8 -8 --------- Run | Yrd Mat Min Mat Min Exi Min Mat Machines Accessed 16 | . 5 . 3 1 1 . 6 Terminals 10 | . 4 . 1 . . . 5 Fabricators . | . . . . . . . . Repair Stations . | . . . . . . . . Recycling Units 2 | . 1 . 1 . . . . Scanalyzers 1 | . . . 1 . . . . Garrison Access 1 | . . . . . . . 1 Total Hacks 32 | . 9 . 5 1 1 . 16 Successful 13 | . 1 . 3 1 1 . 7 Failed 18 | . 8 . 1 . . . 9 Catastrophic 2 | . 1 . . . . . 1 Database Lockouts 1 | . . . 1 . . . . Manual 2 | . . . . . . . 2 Terminals 24 | . 7 . 2 . . . 15 Fabricators . | . . . . . . . . Repair Stations . | . . . . . . . . Recycling Units 3 | . 2 . 1 . . . . Scanalyzers 2 | . . . 2 . . . . Garrison Access 1 | . . . . . . . 1 Terminal Hacks 10 | . . . 1 1 1 . 7 Record 1 | . . . . . 1 . . Robot Analysis 1 | . . . . . . . 1 Open Door 1 | . . . . 1 . . . Level Access Points 1 | . . . . . . . 1 Branch Access Points 1 | . . . 1 . . . . Terminal Index 1 | . . . . . . . 1 Unreport Threat 2 | . . . . . . . 2 Locate Traps 1 | . . . . . . . 1 Hauler Manifests 1 | . . . . . . . 1 Fabricator Hacks . | . . . . . . . . Repair Station Hacks . | . . . . . . . . Recycling Unit Hacks 2 | . 1 . 1 . . . . Retrieve Components 2 | . 1 . 1 . . . . Scanalyzer 1 | . . . 1 . . . . Retrieve Study 1 | . . . 1 . . . . Garrison Access Hacks . | . . . . . . . . Unauthorized Hacks . | . . . . . . . . Terminals . | . . . . . . . . Fabricators . | . . . . . . . . Repair Stations . | . . . . . . . . Recycling Units . | . . . . . . . . Scanalyzers . | . . . . . . . . Garrison Access . | . . . . . . . . Data Cores Recovered . | . . . . . . . . Used . | . . . . . . . . Hacking Detections 12 | . 4 . 2 . . . 6 Full Trace Events . | . . . . . . . . Feedback Events . | . . . . . . . . Feedback Blocked . | . . . . . . . . Robot Schematics Acquired . | . . . . . . . . Robots Built . | . . . . . . . . Authchips . | . . . . . . . . Time . | . . . . . . . . Total Robot Build Rating . | . . . . . . . . Part Schematics Acquired . | . . . . . . . . Parts Built . | . . . . . . . . Authchips . | . . . . . . . . Time . | . . . . . . . . Total Part Build Rating . | . . . . . . . . Part Studies Acquired 1 | . . . 1 . . . . Parts Repaired . | . . . . . . . . Time . | . . . . . . . . Parts Recycled . | . . . . . . . . Recycled Matter . | . . . . . . . . Retrieved Matter . | . . . . . . . . Retrieved Components 6 | . 3 . 3 . . . . Parts Scanalyzed . | . . . . . . . . Part Schematics Acquired . | . . . . . . . . Parts Damaged . | . . . . . . . . Bothacking | -11 -10 -10 -9 -9 -9 -8 -8 ------------ Run | Yrd Mat Min Mat Min Exi Min Mat Used RIF Installer . | . . . . . . . . Robots Hacked . | . . . . . . . . Non-combat . | . . . . . . . . Combat . | . . . . . . . . Robot Hacks Applied . | . . . . . . . . Relay Couplers Released . | . . . . . . . . Fabnet Peak Effective % . | . . . . . . . . Robots Rewired 3 | . . . . . 3 . . Allies Hacked . | . . . . . . . . Hacks Repelled . | . . . . . . . . Allies | -11 -10 -10 -9 -9 -9 -8 -8 -------- Run | Yrd Mat Min Mat Min Exi Min Mat Total Allies 6 | . . . . 3 3 . . Largest Group 3 | . . . . 3 3 3 . Highest-Rated Group 50 | . . . . 40 50 50 . Highest-Rated Ally 21 | . . . . 16 21 21 . Total Orders . | . . . . . . . . Ally Attacks 33 | . . . . 24 . 9 . Total Damage 397 | . . . . 264 . 133 . Kills 7 | . . . . 5 . 2 . Allies Corrupted . | . . . . . . . . Allies Melted . | . . . . . . . . Intel | -11 -10 -10 -9 -9 -9 -8 -8 ------- Run | Yrd Mat Min Mat Min Exi Min Mat Active Infowar (turns) 5392 | 28 613 1163 275 1033 836 1108 336 Structural 2703 | . . . 259 1033 836 575 . Seismic 5392 | 28 613 1163 275 1033 836 1108 336 Robot Analysis Total 1 | . . . . . . . 1 Derelict Logs Recovered 4 | . . 2 . 2 . . . Drone Launches . | . . . . . . . . Drone Recoveries . | . . . . . . . . Exploration | -11 -10 -10 -9 -9 -9 -8 -8 ------------- Run | Yrd Mat Min Mat Min Exi Min Mat Turns Passed 5557 | 175 613 1163 275 1033 836 1108 354 Spaces Moved 3486 | 76 272 636 166 677 683 779 197 Core 16 | 16 . . . . . . . Treads 803 | 60 272 471 . . . . . Legs 2667 | . . 165 166 677 683 779 197 Wheels . | . . . . . . . . Hover . | . . . . . . . . Flight . | . . . . . . . . Fastest Speed 50 | 50 160 120 120 120 120 120 120 Average Speed 129 | 169 160 149 120 120 120 120 120 Slowest Speed 250 | 250 160 160 120 120 120 120 120 Overloaded Moves . | . . . . . . . . Propulsion Burnouts . | . . . . . . . . Robots Hopped . | . . . . . . . . Potential Cave-ins . | . . . . . . . . Cave-ins Triggered . | . . . . . . . . Exploration Rate (%) 57 | 6 39 84 21 95 93 99 20 Regions Visited 7 Branch Regions 4 Pre-discovered Areas 2 | . . . . 1 1 . . Known Exits Taken 1 | . . . 1 . . . . Unknown Exits Taken 6 | 1 1 1 . 1 1 1 . Scrap Searched 4 | . . 2 . 1 . 1 . Spaces Dug 8 | . . . 3 . . . 5 Terrain Destroyed 8 | . . . 3 . . . 5 Melee 5 | . . . . . . . 5 Projectile 3 | . . . 3 . . . . AOE . | . . . . . . . . Terrain Rammed . | . . . . . . . . Walls Destroyed . | . . . . . . . . Machines Disabled . | . . . . . . . . Actions | -11 -10 -10 -9 -9 -9 -8 -8 --------- Run | Yrd Mat Min Mat Min Exi Min Mat Total 4293 | 99 371 810 216 886 699 939 273 Wait 588 | 1 52 133 27 186 4 141 44 Move 3479 | 75 271 635 165 676 682 778 197 Hop . | . . . . . . . . Pick Up 25 | 6 5 5 3 1 . 2 3 Fast Attach 14 | 7 . 2 . 3 . 2 . Attach 7 | . . 1 2 . . 1 3 Detach . | . . . . . . . . Swap 13 | . . 3 4 2 . 2 2 Drop 19 | . 3 5 2 5 . 3 1 Fire 127 | 10 40 25 12 13 . 9 18 Melee 5 | . . . . . . . 5 Ram . | . . . . . . . . Kick 2 | . . . 1 . . 1 . Crush 1 | . . 1 . . . . . Escape Stasis . | . . . . . . . . Rewire 13 | . . . . . 13 . . Trap . | . . . . . . . . Miscellaneous . | . . . . . . . . Route ------- -11/Scrapyard -10/Materials (discovered 2 exits: *Mat / [*Min]) -10/Mines -9/Materials (discovered 2 exits: *Min / *Sto) -9/Mines (discovered 3 exits: *Mat x2 / *Exi) -9/Exiles (discovered 2 exits: [*Min x2]) -8/Mines (discovered 2 exits: *Mat x2) -8/Materials (discovered 3 exits: *Fac x3) History --------- Turn | Location | Event 10 | -11/Scrapyard | Discovered new exit (range 16) 176 | -11/Scrapyard | Entered Materials 310 | -10/Materials | Build established: Mutant 590 | -10/Materials | Discovered new exit (range 16) 726 | -10/Materials | Discovered new exit (range 16) 789 | -10/Materials | Entered Mines 821 | -10/Mines | Learned 2 Materials zone layouts 991 | -10/Mines | Assembled infested the area 1645 | -10/Mines | Lost 3 parts (1p2w) 1816 | -10/Mines | Found a hidden stash of uninstalled traps 1833 | -10/Mines | Learned Materials interactive machine intel 1842 | -10/Mines | YI-UF0 nonchalantly dropped a Grenade Launcher on the ground 1850 | -10/Mines | Discovered new exit (range 8) 1952 | -10/Mines | Entered Materials 1952 | -9/Materials | Evolved 2 slots: Utility x2 1953 | -9/Materials | Identified exit to Storage 1954 | -9/Materials | Loaded intel: 17 interactive machine locations 2000 | -9/Materials | Identified exit to Mines 2097 | -9/Materials | Central database locked down 2227 | -9/Materials | Entered Mines 2231 | -9/Mines | Assisted by bots powering up and referring to "LRC-V3" 2236 | -9/Mines | Learned location of 1 exit from Lower Caves 2267 | -9/Mines | Build established: Scavenger-Mutant 2321 | -9/Mines | Discovered new exit (range 14) 2447 | -9/Mines | Met a Derelict shopkeep closing up shop 2517 | -9/Mines | Excavation squad dispatched 2517 | -9/Mines | A large section of the Mines collapsed 2815 | -9/Mines | Learned location of Storage (-9) 2825 | -9/Mines | Discovered new exit (range 6) 3109 | -9/Mines | Deemed a non-threat by the Exiles lab entrance 3109 | -9/Mines | Discovered new exit (range 5) 3260 | -9/Mines | Entered Exiles 3260 | -9/Exiles | Found Exiles lab destroyed 3503 | -9/Exiles | Learned location of Zion (-7) 3801 | -9/Exiles | Discovered new exit (range 14) 3939 | -9/Exiles | Discovered new exit (range 14) 4096 | -9/Exiles | Entered Mines 4096 | -8/Mines | Accompanied by 3 allies 4348 | -8/Mines | Discovered new exit (range 14) 4362 | -8/Mines | Found a Scrap Suit stashed away for nefarious purposes 4454 | -8/Mines | Discovered new exit (range 15) 5204 | -8/Mines | Entered Materials 5204 | -8/Materials | Evolved 2 slots: Propulsion x1, Utility x1 5215 | -8/Materials | Identified exit to Factory 5503 | -8/Materials | Garrison activated, responded to threat 5537 | -8/Materials | Core integrity fell below 50% 5547 | -8/Materials | Core integrity fell below 20% 5558 | -8/Materials | Destroyed by H-61 Shepherd with Heavy Assault Cannon Last Messages --------------- 05514_ Aluminum Leg blasted off. 05514_ Knocked back. 05514_ Slug penetrates H-61 Shepherd. 05515_ Acquired 4 matter. 05517_ Slug penetrates Wall. 05520_ Aluminum Leg destroyed. 05520_ Knocked back. 05522_ Lgt. Assault Rifle+ destroyed. 05522_ Hrd. Light Armor Plating destroyed. 05522_ Knocked back. 05523_ Slug penetrates Wall. 05524_ Gauss Rifle destroyed. 05524_ Lgt. Ion Engine destroyed. 05526_ S-10 Pest destroyed. 05532_ Knocked back. 05537_ U-05 Engineer builds a Wall. 05540_ Seismic Detector destroyed. 05540_ Critical hit (Blast). 05540_ Knocked back. 05541_ Acquired 8 matter. Map ----- +----------------------------------------------------+ | ??????# # """ #??????????????????????? | | ??????# ##########??????????????????????? | | ?????## ##??????????????????????????????? | | ?????## ^^#???????????????????????????????? | | ?????## ^^#???????????????????????????????? | | ?????## #???????????????????????????????? | | ??????# #???????????????????????????????? | | ??????# ######+####?????????????????????? | | ??????# +?????????????????????? | | ####### #????????????????????????? | | #[ # " #????????????????????????? | | # "" # T """ #????????????????????????? | | # "G # " """ #????????????????????????? | | # "" # """ #????????????????????????? | | # # #????????????????????????? | | # """ + +????????????????????????? | | # """ # #????????????????????????? | | # """ # ###/####????????????????????????? | | # # # #?????????????????????????? | | #! # # #?????????????????????????? | | # # # #?????????????????????????? | | # # # #?????????????????????????? | | ####### #[ #?????????????????????????? | | ??????# # ###???????????????????????? | | ??????# #######;###?????????????????????? | | ??????# # ! % @%#?????????????????????? | | ??????# # %#?????????????????????? | | ??????# # %g " #?????????????????????? | | ??????# #%= """ #?????????????????????? | | ??????# [/s= H "" #?????????????????????? | | ??????# #%=!! """ #?????????????????????? | | ??????+ # !! #?????????????????????? | | ??????# # #?????????????????????? | | ??????# ###########?????????????????????? | | ??????# ##??????????????????????????????? | | ??????# #???????????????????????????????? | | ??????# #???????????????????????????????? | | ??????# #???????????????????????????????? | | ??????# +???????????????????????????????? | | ??????# #???????????????????????????????? | | ??????# < #???????????????????????????????? | | ??????# #???????????????????????????????? | | ??????#####???????????????????????????????? | | ??????????????????????????????????????????? | | ??????????????????????????????????????????? | | ??????????????????????????????????????????? | | ??????????????????????????????????????????? | | ??????????????????????????????????????????? | | ??????????????????????????????????????????? | | ??????????????????????????????????????????? | +----------------------------------------------------+ Best States ------------- Heat Dissipation 31 Energy Generation 14 Energy Capacity 265 Matter Stores 300 Matter Capacity 300 Sight Range 16 Terrain Scan Density 10 Armor Coverage 150 Evasion (%) 55 Targeting Accuracy 5 Recoil Reduction 2 Offensive Hacking 10 Item Schematics ----------------- None Robot Schematics ------------------ None Fabricated ------------ Nothing Repaired ---------- Nothing Studied --------- Lgt. Assault Rifle | -9/Materials | Hacked Alien Tech Used ----------------- None Achievements -------------- None Challenges ------------ None Game ------ Seed PiercingDisruptorSlayer Manual? 0 Play Time 00:46:26 Cumulative 45.8 hours Start 2026.07.24 @ 23:15:11 End 2026.07.25 @ 00:00:03 Sessions 1 Manual Loads 0 Difficulty Rogue Special Mode None Game No. 33 Rogue 33 Adventurer 0 Explorer 0 Win Type - Total 0 Types 0/0/0/0/0/0/0/0/0/0 Lore% 31 Gallery% 32 Achievement% 26 Wizard Run 0 Options --------- Layout 0 ASCII 0 Keyboard 0 Movement Numpad Keybinds 0 Fullscreen 1 Font 24/Smallcaps Map View 76x50 Zoom Use 0% Tactical HUD 1 Map Filters NONE Filters NONE Steam 1 RUN: ca8bfe5d-21cc-477c-94d2-53b690692f1d